Map: Kairos Junction LE

Players

Nobody

  • Race: Zerg Zerg
  • League: Master
  • Spawn Location: 11:00

Lambo - Winner!

  • Race: Zerg Zerg
  • League: Master
  • Spawn Location: 5:00

VOD

Have the link to the VOD?

Description

Time

  • Played on: Jan. 22, 2019, 12:15 p.m.
  • Length: 9:06
Show
View Real Time Build Order
Export as new Build Order

Nobody Zerg 

Build Orders: Hatch First 

Get SALT Encoding   

  12  0:00  Drone  
  13  0:12  Overlord  
  13  0:17  Drone  
  14  0:30  Drone  
  14  0:32  Drone  
  14  0:34  Drone  
  17  0:52  Hatchery  
  17  0:54  Drone  
  17  0:59  Drone  
  18  1:09  Extractor  
  17  1:13  Spawning Pool  
  17  1:17  Drone  
  17  1:21  Drone  
  18  1:28  Drone  
  19  1:38  Drone  
  20  1:51  Overlord  
  20  2:02  Queen  
  20  2:04  Queen  
  20  2:05  Zergling x4  
  26  2:10  Drone  
  26  2:13  Metabolic Boost  
  26  2:15  Drone  
  28  2:22  Drone  
  29  2:25  Drone  
  30  2:37  Drone, Hatchery  
  30  2:40  Drone  
  31  2:48  Baneling Nest  
  30  2:55  Drone x2  
  32  3:05  Drone x2, Overlord  
  33  3:13  Drone x2  
  35  3:21  Overlord  
  35  3:23  Queen  
  35  3:25  Zergling x4  
  39  3:28  Drone x3  
  42  3:38  Drone  
  42  3:39  Drone  
  44  3:45  Evolution Chamber  
  44  3:48  Drone x6  
  47  3:51  Zergling x2  
  47  3:53  Lair  
  47  3:55  Drone x2  
  52  4:03  Roach Warren  
  52  4:04  Drone x2  
  52  4:07  Extractor  
  52  4:08  Overlord  
  50  4:20  Drone x6  
  50  4:22  Zerg Missile Weapons Level 1  
  56  4:25  Drone  
  56  4:26  Drone x2  
  59  4:36  Drone x5  
  64  4:43  Extractor  
  64  4:45  Drone  
  63  4:51  Drone x3  
  66  4:53  Glial Reconstitution, Overlord  
  66  4:56  Overlord  
  66  5:01  Extractor  
  66  5:02  Drone, Extractor  
  66  5:04  Drone  
  66  5:05  Overlord  
  66  5:11  Drone  
  66  5:13  Drone x3  
  70  5:14  Drone x2  
  70  5:15  Drone x3  
  70  5:20  Overseer  
  75  5:23  Roach x2  
  75  5:28  Overlord x3  
  79  5:31  Drone  
  79  5:32  Drone x2, Hatchery  
  81  5:35  Extractor  
  81  5:37  Drone  
  81  5:38  Overlord  
  81  5:39  Overlord  
  81  5:40  Roach  
  83  5:44  Roach  
  85  5:50  Roach  
  85  5:51  Roach  
  85  5:53  Roach x6  
  103  5:57  Roach  
  103  6:00  Overlord  
  103  6:01  Roach  
  105  6:07  Roach  
  107  6:11  Drone  
  107  6:13  Evolution Chamber  
  107  6:15  Burrow, Tunneling Claws  
  107  6:17  Zerg Missile Weapons Level 2  
  111  6:18  Roach x5  
  111  6:20  Ravager  
  111  6:24  Overlord  
  118  6:26  Drone  
  118  6:27  Spore Crawler  
  118  6:28  Roach  
  118  6:29  Spore Crawler, Roach  
  121  6:38  Roach x5  
  131  6:40  Baneling x4  
  131  6:47  Queen  
  131  6:53  Roach x5  
  131  6:54  Roach  
  145  6:58  Zerg Ground Armor Level 1  
  145  7:00  Overlord  
  144  7:11  Roach x4  
  144  7:12  Roach  
  152  7:21  Overlord x2  
  150  7:26  Drone x2  
  150  7:28  Roach x7  
  158  7:35  Overlord x2, Ravager x2  
  160  7:41  Overseer  
  160  7:42  Overseer  
  160  7:57  Roach x12  
  182  7:59  Ravager  
  183  8:12  Roach x4  
  189  8:25  Roach x6  
  175  8:39  Roach x5  
  175  8:40  Roach x7  
Show
View Real Time Build Order
Export as new Build Order

Lambo Zerg - Winner!

Build Orders: Hatch First 

Get SALT Encoding   

  12  0:00  Drone  
  13  0:12  Overlord  
  13  0:16  Drone  
  14  0:31  Drone x2  
  16  0:47  Hatchery  
  15  0:51  Drone  
  15  0:55  Drone  
  17  1:09  Spawning Pool  
  17  1:11  Extractor  
  15  1:13  Drone  
  15  1:17  Drone  
  17  1:20  Drone  
  18  1:28  Drone  
  19  1:39  Drone  
  20  1:51  Drone  
  21  1:59  Queen  
  23  2:01  Queen  
  23  2:02  Drone, Overlord  
  26  2:11  Metabolic Boost  
  26  2:12  Drone  
  26  2:13  Drone  
  28  2:23  Zergling x4  
  30  2:35  Hatchery  
  29  2:38  Drone x2  
  31  2:46  Drone x2  
  31  2:49  Baneling Nest  
  32  2:57  Zergling x2  
  33  3:04  Drone x2  
  34  3:05  Overlord  
  34  3:07  Drone  
  35  3:18  Zergling x2  
  35  3:19  Overlord  
  36  3:25  Drone x2  
  36  3:26  Drone  
  36  3:27  Zergling x4  
  41  3:36  Drone  
  41  3:39  Baneling x2  
  42  3:41  Evolution Chamber, Drone  
  42  3:42  Drone  
  42  3:45  Drone x2  
  42  3:47  Drone x2  
  47  3:49  Queen  
  47  3:51  Drone x2  
  47  3:53  Drone x2  
  53  3:56  Overlord  
  53  4:02  Drone x2  
  55  4:03  Extractor  
  55  4:04  Extractor  
  55  4:06  Drone  
  54  4:13  Drone x2  
  55  4:18  Drone  
  55  4:19  Drone x3  
  55  4:20  Zerg Missile Weapons Level 1  
  55  4:23  Zergling x6  
  62  4:26  Drone  
  63  4:31  Lair  
  63  4:35  Drone x3  
  66  4:41  Overlord  
  66  4:42  Roach Warren  
  66  4:43  Pneumatized Carapace  
  65  4:46  Overlord  
  65  4:48  Overlord  
  65  4:50  Drone  
  65  4:54  Overlord  
  65  4:58  Drone  
  66  5:00  Extractor  
  66  5:01  Drone x6  
  66  5:03  Extractor  
  66  5:04  Drone x2  
  66  5:06  Drone  
  74  5:07  Drone  
  74  5:10  Drone  
  74  5:14  Extractor  
  73  5:15  Drone x2  
  75  5:22  Drone x2  
  75  5:25  Hatchery  
  75  5:27  Overlord  
  75  5:36  Glial Reconstitution, Overseer  
  75  5:38  Roach x6  
  87  5:44  Overlord  
  87  5:45  Overlord  
  87  5:50  Roach x3  
  87  5:51  Roach  
  87  5:53  Overlord  
  87  5:54  Overlord  
  95  5:57  Overlord  
  95  6:01  Roach x3  
  101  6:06  Overlord  
  101  6:09  Overlord  
  101  6:11  Roach x2  
  101  6:12  Evolution Chamber  
  101  6:14  Zerg Missile Weapons Level 2  
  104  6:22  Roach x4  
  112  6:26  Drone  
  112  6:27  Drone  
  112  6:28  Overseer x2  
  112  6:29  Overseer x2  
  112  6:32  Queen  
  114  6:37  Roach x4  
  124  6:46  Roach x5  
  134  6:48  Zerg Ground Armor Level 1  
  134  6:51  Roach x2  
  138  7:04  Roach x6  
  138  7:07  Roach  
  138  7:08  Roach x3  
  153  7:20  Overlord  
  153  7:23  Roach x8  
  168  7:30  Overlord  
  168  7:34  Overlord  
  168  7:36  Overlord  
  168  7:43  Roach x4  
  176  7:49  Roach x4  
  184  7:51  Overseer  
  184  7:55  Roach  
  184  7:56  Roach x3  
  184  7:58  Ravager x5  
  192  8:00  Roach x3  
  192  8:04  Roach x2  
  199  8:20  Overlord  
  199  8:30  Roach x3  
  193  8:36  Roach x5  
  193  8:39  Roach x6  
  193  8:42  Roach x3  
  193  8:45  Roach x5  
Tags
 
Add a new tag
Caveats
  • Supply blocks, unpowered buildings, or Contaminate may cause inaccurate times.
  • Supply counts are checked every 10 seconds.